 Dungeon Crawl Stone Soup version 0.30.1-11-g7821555f0a (webtiles) character file.

Game seed: 13155740803508515765

14 leafyfresh the Sneak (level 2, -6/25 HPs)
             Began as a Barachi Delver on Nov 18, 2023.
             Mangled by an iguana (7 damage)
             ... on level 4 of the Dungeon.
             The game lasted 00:00:45 (273 turns).

leafyfresh the Sneak (Barachi Delver)                Turns: 273, Time: 00:00:45

Health: -6/25      AC:  3    Str: 13    XL:     2   Next: 41%
Magic:  2/2        EV: 12    Int: 10    God:
Gold:   0          SH:  0    Dex: 13    Spells: 1/1 levels left

rFire   . . .        a - +0 short sword
rCold   . . .        (no shield)
rNeg    . . .        b - +0 leather armour
rPois   .            (no helmet)
rElec   .            (no cloak)
rCorr   .            (no gloves)
SInv    .            (no boots)
Will    .....        (no amulet)
Stlth   ++           (no ring)
HPRegen 0.24/turn    (no ring)
MPRegen 0.08/turn

%: no passive effects
@: slow
A: amphibious, slowness 1, strong legs 1, +LOS
a: Hop


You were on level 4 of the Dungeon.
You visited 1 branch of the dungeon, and saw 2 of its levels.

Inventory:

Hand Weapons
 a - a +0 short sword (weapon)
Armour
 b - a +0 leather armour (worn)
Wands
 g - a wand of digging (3)
 h - a wand of charming (6)
Scrolls
 c - a scroll of fog
 d - a scroll of magic mapping
 e - a scroll of fear
 i - a scroll of enchant armour {unknown}
Potions
 f - a potion of haste


   Skills:
 + Level 4.1 Fighting
 - Level 2.1 Short Blades
 + Level 2.8 Dodging
 - Level 4.5 Stealth


You had one spell level left.
You didn't know any spells.
Your spell library was empty.

Dungeon Overview and Level Annotations

Branches:
Dungeon (5/15)
 Temple: D:4-7

Altars:


Innate Abilities, Weirdness & Mutations

You are amphibious.
You cover ground slowly.
You can hop short distances.
You have an extended range of vision and can be seen from far away.


Message History

You hit the iguana.
The iguana is heavily wounded.
The iguana completely misses you.
You hit the iguana but do no damage.
The iguana is heavily wounded.
The iguana bites you!
You hit the iguana.
The iguana is heavily wounded.
The iguana closely misses you.
You completely miss the iguana.
The iguana is heavily wounded.
The iguana bites you.
* * * LOW HITPOINT WARNING * * *
You barely miss the iguana.
The iguana is heavily wounded.
The iguana barely misses you.
You closely miss the iguana.
The iguana is heavily wounded.
The iguana closely misses you.
You hit the iguana but do no damage.
The iguana is heavily wounded.
The iguana bites you but does no damage.
You closely miss the iguana.
The iguana is heavily wounded.
The iguana bites you.
* * * LOW HITPOINT WARNING * * *
You hit the iguana.
The iguana is heavily wounded.
The iguana bites you.
* * * LOW HITPOINT WARNING * * *
You hit the iguana but do no damage.
The iguana is heavily wounded.
Unknown command.
You hit the iguana but do no damage.
The iguana is heavily wounded.
The iguana closely misses you.
You barely miss the iguana.
The iguana is heavily wounded.
The iguana bites you!
You die...
Sh.

#.# #..# ...# # ... ##### #S
#.#############..>. .l
#...............### #.#.#.
######......#........#
#......#..)l@.#######.......#
#.[......#############......#
#...........................#
######################.(....#
#......# ########


You could see an iguana.

Vanquished Creatures
  An adder (D:4)
  A hobgoblin (D:4)
  3 kobolds (D:4)
5 creatures vanquished.

Notes
Turn   | Place    | Note
-------+----------+-------------------------------------------
     0 | D:5      | leafyfresh the Barachi Delver began the quest for the Orb.
     0 | D:5      | Reached XP level 1. HP: 18/18 MP: 1/1
    20 | D:5      | Noticed a black bear
    69 | D:4      | Reached XP level 2. HP: 9/25 MP: 2/2
   270 | D:4      | HP: 1/25 [iguana (3)]
   273 | D:4      | Mangled by an iguana

Illustrated notes

Levels and vault maps discovered:
D:4:      layout_rooms, minmay_misc_feat_doors, uniq_robin, uniq_pikel
D:5:      layout_basic, nicolae_wu_jian_immortal_techniques,
          eat_drink_and_be_merry_uskayaw, uniq_menkaure

Skill      XL: |  1 |
---------------+----+-----
Fighting       | 4 |  4.1
Short Blades   | |  2.1
Dodging        | |  2.8
Stealth        | |  4.5

Action                     || total
---------------------------++-------
  Melee: Short sword       ||    55
  Evoke: Wand              ||     2
 Armour: Leather armour    ||     8
  Dodge: Dodged            ||    24
